Map: Ruby Rock LE

Players

Indy - Winner!

  • Race: Protoss Protoss
  • Spawn Location: 5:00

A.I. 1 (Elite)

  • Race: Protoss Protoss
  • Spawn Location: 11:00

VOD

Have the link to the VOD?

Description

Time

  • Played on: Dec. 15, 2025, 9:57 a.m.
  • Length: 9:20
Show
View Real Time Build Order
Export as new Build Order

Indy Protoss - Winner!

Build Orders: Phoenix Opening 

Get SALT Encoding   

  12  0:00  Probe  
  13  0:12  Probe  
  14  0:18  Pylon  
  14  0:24  Probe  
  15  0:32  Probe  
  15  0:37  Gateway  
  15  0:40  Probe  
  16  0:46  Assimilator  
  17  0:51  Probe  
  17  0:54  Assimilator  
  18  0:59  Probe  
  19  1:07  Gateway, Probe  
  19  1:17  Probe  
  21  1:26  Cybernetics Core  
  21  1:29  Probe  
  22  1:35  Pylon  
  22  1:41  Probe  
  23  1:53  Probe  
  24  1:59  Stalker  
  24  2:00  Stalker  
  24  2:03  Warp Gate  
  29  2:12  Pylon  
  28  2:26  Stalker  
  28  2:27  Stalker  
  32  2:48  Nexus  
  32  2:52  Probe  
  33  3:01  Sentry  
  33  3:02  Sentry  
  33  3:04  Probe  
  38  3:08  Pylon  
  38  3:16  Probe  
  39  3:24  Robotics Facility  
  39  3:27  Probe  
  39  3:33  Phoenix  
  40  3:35  Probe  
  40  3:37  Shield Battery  
  41  3:44  Probe  
  42  3:53  Probe, Twilight Council  
  42  3:57  Probe  
  42  4:01  Probe  
  44  4:07  Immortal  
  44  4:09  Probe, Sentry, Adept  
  50  4:10  Probe  
  55  4:21  Probe  
  55  4:22  Probe  
  57  4:27  Pylon  
  57  4:33  Probe  
  57  4:34  Probe  
  59  4:39  Immortal  
  59  4:41  Resonating Glaives  
  63  4:57  Gateway  
  63  4:58  Gateway x2  
  63  5:02  Gateway  
  63  5:10  Warp Prism  
  63  5:15  Gateway x2  
  65  5:25  Adept x2  
  69  5:30  Pylon  
  69  5:33  Pylon  
  69  5:42  Pylon  
  69  5:43  Probe, Observer  
  69  5:44  Assimilator  
  69  5:48  Probe  
  72  5:55  Pylon  
  72  5:57  Adept  
  72  5:58  Adept x3  
  72  6:03  Adept x2  
  84  6:30  Adept x7  
  84  6:31  Adept  
  100  6:35  Pylon  
  100  6:39  Pylon  
  94  6:58  Adept x6  
  94  6:59  Adept  
  106  7:02  Adept  
  104  7:23  Adept x6  
  104  7:25  Adept  
  104  7:29  Pylon  
  118  7:31  Pylon  
  118  7:47  Nexus  
  118  7:51  Forge  
  118  8:07  Templar Archives  
  118  8:10  Observer  
  119  8:22  Probe x2, Pylon  
  121  8:34  Probe x2  
  123  8:46  Probe  
  123  8:47  Probe  
  125  8:52  High Templar x2  
  125  8:53  Zealot x6  
  141  8:56  Archon  
  141  8:58  Probe  
  141  8:59  Probe x2  
  147  9:19  Pylon  
Show
View Real Time Build Order
Export as new Build Order

A.I. 1 (Elite) Protoss 

Build Orders: 1 Gate Expand, Colossus Rush 

Get SALT Encoding   

  12  0:00  Probe  
  13  0:13  Probe  
  14  0:20  Pylon  
  14  0:25  Probe  
  15  0:34  Probe  
  15  0:42  Probe  
  16  0:47  Assimilator  
  17  0:51  Gateway  
  17  0:52  Probe  
  18  0:59  Pylon  
  18  1:00  Probe  
  19  1:08  Probe  
  20  1:18  Probe  
  21  1:30  Probe  
  22  1:41  Nexus  
  22  1:42  Probe  
  23  1:49  Zealot  
  25  1:59  Probe  
  25  2:01  Cybernetics Core  
  26  2:07  Probe  
  26  2:15  Probe  
  28  2:25  Pylon  
  28  2:27  Probe  
  28  2:29  Warp Gate  
  29  2:36  Stalker  
  29  2:39  Gateway  
  29  2:41  Assimilator  
  29  2:43  Probe  
  32  2:56  Probe  
  32  2:57  Pylon  
  33  3:01  Probe  
  34  3:06  Adept  
  32  3:25  Zealot  
  32  3:27  Probe  
  32  3:30  Probe  
  32  3:33  Stalker  
  34  3:39  Probe  
  37  3:42  Probe  
  37  3:43  Robotics Facility  
  37  3:44  Adept  
  38  3:51  Probe  
  38  3:54  Probe  
  42  4:03  Adept  
  42  4:04  Probe, Adept  
  42  4:06  Probe  
  46  4:16  Probe  
  49  4:18  Probe  
  50  4:28  Probe  
  50  4:30  Probe  
  52  4:37  Robotics Bay, Observer  
  53  4:40  Probe, Pylon  
  53  4:41  Adept x2  
  53  4:42  Probe  
  59  4:47  Robotics Facility  
  59  4:50  Pylon  
  59  4:52  Probe  
  60  5:00  Stalker  
  60  5:02  Stalker, Probe  
  60  5:04  Probe  
  60  5:05  Pylon  
  66  5:23  Colossus  
  66  5:24  Gateway  
  72  5:32  Pylon  
  72  5:33  Zealot  
  74  5:36  Zealot  
  76  5:44  Probe x2  
  76  5:45  Assimilator  
  76  5:46  Twilight Council  
  76  5:47  Assimilator  
  78  5:54  Stalker  
  80  6:08  Probe, Pylon  
  80  6:09  Probe  
  82  6:16  Probe  
  82  6:22  Probe  
  82  6:23  Forge  
  84  6:28  Templar Archives, Nexus  
  84  6:43  Zealot, Forge  
  84  6:46  Zealot  
  80  6:47  Zealot  
  64  7:00  Probe  
  59  7:03  Stalker  
  59  7:06  Zealot  
  59  7:07  Zealot  
  59  7:12  Probe  
  31  7:24  Probe  
  31  7:26  High Templar, Zealot  
  31  7:30  Pylon  
  29  7:47  Nexus  
  29  7:55  Templar Archives  
  8  8:20  Probe  
  7  8:41  Probe  
Tags
 
Add a new tag
Caveats
  • Supply blocks, unpowered buildings, or Contaminate may cause inaccurate times.
  • Supply counts are checked every 10 seconds.